 Dungeon Crawl Stone Soup version 0.23.0-3-gf3c87f2 (webtiles) character file.

Game seed: 16941391744684106632

68 MovingMist the Gusty (level 4, -4/33 HPs)
             Began as a Draconian Air Elementalist on Feb 24, 2019.
             Killed by divine providence
             ... invoked by an orc priest
              (11 damage)
             ... on level 4 of the Dungeon.
             The game lasted 00:04:57 (1208 turns).

MovingMist the Gusty (Draconian Air Elementalist)   Turns: 1208, Time: 00:04:57

Health: -4/33      AC:  5    Str: 11    XL:     4   Next: 1%
Magic:  7/7        EV: 12    Int: 16    God:
Gold:   106        SH:  0    Dex: 11    Spells: 6/7 levels left

rFire    . . .     SeeInvis .   a - +0 dagger
rCold    . . .     Gourm    .   (no shield)
rNeg     . . .     Faith    .   (armour unavailable)
rPois    .         Spirit   .   (helmet restricted)
rElec    .         Reflect  .   (no cloak)
rCorr    .         Harm     .   (no gloves)
MR       .....                  (no boots)
Stlth    ++........             (no amulet)
HPRegen  0.11/turn              (no ring)
MPRegen  0.10/turn              (no ring)

@: slowed, very slow
A: unfitting armour, cold-blooded, AC +5
a: no special abilities


You were on level 4 of the Dungeon.
You were not hungry.

You visited 1 branch of the dungeon, and saw 3 of its levels.

You collected 106 gold pieces.

Inventory:

Hand Weapons
 a - a +0 dagger (weapon)
Scrolls
 g - a scroll of magic mapping {unknown}
 i - a scroll of immolation {unknown}
 j - a scroll of identify {unknown}
 k - 2 scrolls of random uselessness {unknown}
 l - 2 scrolls of remove curse {unknown}
Potions
 d - a potion of ambrosia {unknown}
 e - a potion of haste {unknown}
 f - a potion of magic {unknown}
 h - 2 potions of curing {unknown}
Comestibles
 b - 4 rations


   Skills:
 + Level 2.2 Dodging
 + Level 2.3 Stealth
 + Level 2.4 Spellcasting
 + Level 1.7 Conjurations
 * Level 3.7 Air Magic


You had 6 spell levels left.
You knew the following spells:

 Your Spells              Type           Power        Failure   Level  Hunger
a - Shock                 Conj/Air       ##..         7%          1    #......

Your spell library contained the following spells:

 Spells                   Type           Power        Failure   Level  Hunger
 Swiftness                Chrm/Air       #.......     14%         2    ###....
 Static Discharge         Conj/Air       ##......     21%         3    ###....
 Airstrike                Air            ##........   38%         4    #####..
 Lightning Bolt           Conj/Air       ##........   88%         5    ######.


Dungeon Overview and Level Annotations

Branches:
Dungeon (2/15)

Altars:


Innate Abilities, Weirdness & Mutations

Your plain brown scales are hard. (AC +5)
You cannot fit into any form of body armour.
You are cold-blooded and may be slowed by cold attacks.


Message History

The jackal bites you but does no damage. x2
The hound bites you.
The orc priest invokes the aid of Beogh against you.
Beogh smites you!
The orc wizard begins to cast a cantrip, but forgets the words!
The hound barely misses you. The jackal closely misses you.
Unknown command.
The hound bites you.
The orc priest looks encouraged for a moment.
The leopard gecko skeleton barely misses you. x2
Found a stone staircase leading up.
A quokka skeleton comes into view.
The hound bites you.
* * * LOW HITPOINT WARNING * * *
Found 6 stones.
The hound closely misses you. The hound barely misses you.
The hound misses you.
The orc priest calls down the wrath of Beogh upon you.
Beogh smites you!
You die...

.. ##.. ..##.... ... ..
. #...##......###...
.##. ...#...........#
.... .
#....Z........###....
... #.....##.#...#.#....
....#.....##............
..........##..####....?.
....<..@hh.hZ.###..h.###
##...##.ho###o..#....###
...(........#oo#........
. #......#o.#oh...#....
#...............##....
#..............## ...o
#.....................
......................
................


You could see a hound, an orc priest, 2 orc wizards, 3 jackals, a leopard gecko
skeleton and a quokka skeleton (dormant).

Vanquished Creatures
  A worker ant (D:2)
  2 adders (D:2)
  2 dart slugs
  A ball python (D:1)
  7 goblins
  2 hobgoblins
  2 bats (D:1)
  4 kobolds
  5 rats
26 creatures vanquished.

Notes
Turn   | Place    | Note
-------+----------+-------------------------------------------
     0 | D:1      | MovingMist the Draconian Air Elementalist began the quest
                  | for the Orb.
     0 | D:1      | Reached XP level 1. HP: 14/14 MP: 3/3
   186 | D:1      | Reached XP level 2. HP: 19/20 MP: 0/5
   899 | D:2      | Reached XP level 3. HP: 26/26 MP: 4/6
  1100 | D:2      | Reached XP level 4. HP: 21/33 MP: 1/7
  1192 | D:2      | You fall through a shaft for 2 floors!
  1208 | D:4      | Killed from afar by an orc priest

Skill      XL: |  1  2 |
---------------+-------+-----
Stealth        | 2 |  2.3
Dodging        | 2 |  2.2
Spellcasting   | |  2.4
Conjurations   | |  1.7
Air Magic      | |  3.7

Action                   |  1- 3 |  4- 6 || total
-------------------------+-------+-------++-------
Melee: Dagger            |    41 |     3 ||    44
       Unarmed           |     5 |       ||     5
       Tailslap          |     1 |       ||     1
 Cast: Shock             |    27 |     1 ||    28
 Stab: Sleeping          |     1 |       ||     1
  Eat: Chunk             |     1 |       ||     1
Armor: Skin              |     9 |     5 ||    14
Dodge: Dodged            |    42 |    11 ||    53
